 Dungeon Crawl Stone Soup version 0.28-a0-863-g8cecda6153 (webtiles) character file.

Game seed: 15087960952484853246

179 siradein the Ruffian (level 5, 0/42 HPs)
             Began as a Draconian Transmuter on Nov 17, 2021.
             Slain by Natasha (5 damage)
             ... on level 2 of the Dungeon.
             The game lasted 00:06:13 (4074 turns).

siradein the Ruffian (Draconian Transmuter)         Turns: 4074, Time: 00:06:14

Health: 0/42       AC:  5    Str: 14    XL:     5   Next: 33%
Magic:  18/18      EV: 12    Int: 13    God:
Gold:   61         SH:  0    Dex: 11    Spells: 6/9 levels left

rFire   . . .      SeeInvis .     - Unarmed
rCold   . . .      Faith    .   (no shield)
rNeg    . . .      Spirit   .   (armour unavailable)
rPois   .          Reflect  .   (helmet restricted)
rElec   .          Harm     .   (no cloak)
rCorr   .          Rampage  .   (no gloves)
Will    .....                   (no boots)
Stlth   +.........              (no amulet)
HPRegen 0.14/turn               e - ring of magical power
MPRegen 0.16/turn               (no ring)

@: slowed, very slow
A: AC +5, unfitting armour, cold-blooded
a: no special abilities


You were on level 2 of the Dungeon.
You visited 1 branch of the dungeon, and saw 3 of its levels.

You collected 61 gold pieces.

Inventory:

Missiles
 f - 5 atropa-tipped darts
Jewellery
 e - a ring of magical power (left hand)
Wands
 k - a wand of digging (4)
Scrolls
 a - a scroll of blinking {unknown}
 b - 2 scrolls of identify {unknown}
 g - a scroll of acquirement {unknown}
 i - a scroll of enchant armour {unknown}
 j - a scroll of teleportation {unknown}
Potions
 c - a potion of mutation {unknown}
 d - a potion of cancellation {unknown}
 h - a potion of invisibility {unknown}


   Skills:
 + Level 2.6 Fighting
 + Level 2.7 Dodging
 + Level 3.8 Unarmed Combat
 + Level 2.8 Spellcasting
 + Level 3.0 Transmutations


You had 6 spell levels left.
You knew the following spells:

 Your Spells              Type           Power      Damage    Failure   Level
a - Beastly Appendage     Tmut           18%        N/A       7%          1
b - Wereblood             Tmut           9%         N/A       10%         2

Your spell library contained the following spells:

 Spells                   Type           Power      Damage    Failure   Level
 Passwall                 Tmut/Erth      4%         N/A       19%         2
 Sandblast                Erth           2%         2d4       24%         1
 Spider Form              Tmut/Pois      5%         N/A       36%         3
 Stone Arrow              Conj/Erth      2%         3d7       56%         3
 Ice Form                 Ice/Tmut       5%         N/A       77%         4


Dungeon Overview and Level Annotations

Branches:
Dungeon (3/15)

Altars:

Annotations:
D:2 Natasha


Innate Abilities, Weirdness & Mutations

Your plain brown scales are hard. (AC +5)
You cannot fit into any form of body armour.
You are cold-blooded and may be slowed by cold attacks.


Message History

Pain shoots through your body! The shadow imp gestures at you.
Pain shoots through your body! The shadow imp gestures at you.
You barely resist.
Your magical contamination has completely faded away.
Your horns disappear.
Your talons disappear.
The shadow imp disappears in a puff of smoke!
You see here 18 stones.
Natasha casts a spell at you. You resist with some effort.
Natasha stares at you and mumbles some strange words.
The magic dart hits you.
Natasha howls an incantation.
You feel disoriented.
Natasha stares at you and mumbles some strange words.
The magic dart hits you.
Natasha stares at you and mumbles some strange words.
The magic dart hits you.
* * * LOW HITPOINT WARNING * * *
Natasha casts a spell.
The crimson imp blinks!
Natasha stares at you and mumbles some strange words.
You feel yourself slow down.
Natasha stares at you and mumbles some strange words.
The magic dart hits you!
* * * LOW HITPOINT WARNING * * *
The crimson imp blinks!
The crimson imp hits you.
* * * LOW HITPOINT WARNING * * *
Natasha claws you.
* * * LOW HITPOINT WARNING * * *
There is a stone staircase leading up, spattered with blood here.
The crimson imp blinks!
Natasha barely misses you.
You climb upwards.
The crimson imp disappears in a puff of smoke!
There is a stone staircase leading down here.
Natasha misses you. Natasha claws you.
You die...

♣♣P..##.####################.###.
♣♣...##...##...............#...#.
PP.P.##......#############.##.##.
.....##......##................#.
PP....'......##............#####.
.....##......################# #.
.............'...............# #.
..##.##......###############.# #.
.###....#.......@..>.......#.# #.
## ####.#.....>h.#########.#.# #.
#.######...# #.#.# #.
#.#........#########.#.# #.
#.#.#.........†......#.# #.
#.#.#.....############.# #. ####
#.#.>................#.# #.
...####........#.#########.#.# #.
...##......#####.# #.#.# #.


You could see Natasha.

Vanquished Creatures
  Ijyb (D:3)
  Natasha (twice) (D:3)
  4 adders (D:2)
  2 worms
  2 dart slugs (D:1)
  An orc (D:3)
  6 ball pythons
  4 bats
  9 endoplasms
  A giant cockroach (D:1)
  4 goblins
  5 hobgoblins
  6 jackals
  2 quokkas
  6 frilled lizards
  3 kobolds
  A rat (D:1)
59 creatures vanquished.

Vanquished Creatures (others)
  6 toadstools (D:3)
6 creatures vanquished.

Grand Total: 65 creatures vanquished

Notes
Turn   | Place    | Note
-------+----------+-------------------------------------------
     0 | D:1      | siradein the Draconian Transmuter began the quest for the
                  | Orb.
     0 | D:1      | Reached XP level 1. HP: 16/16 MP: 3/3
   423 | D:1      | Reached XP level 2. HP: 23/23 MP: 5/5
   601 | D:1      | Learned a level 2 spell: Wereblood
   828 | D:1      | Reached XP level 3. HP: 23/29 MP: 4/6
   957 | D:1      | Found a faded altar of an unknown god.
  2493 | D:2      | Reached XP level 4. HP: 9/36 MP: 5/7
  3186 | D:3      | Noticed Natasha
  3194 | D:3      | Killed Natasha
  3431 | D:3      | Noticed Natasha
  3450 | D:3      | Killed Natasha
  3451 | D:3      | Reached XP level 5. HP: 22/42 MP: 7/9
  3757 | D:3      | Noticed Ijyb
  3792 | D:3      | Killed Ijyb
  4006 | D:3      | Noticed Natasha
  4074 | D:2      | Slain by Natasha

Illustrated notes

Levels and vault maps discovered:
D:1:      dpeg_arrival_three_smaller_balls, layout_basic,
          hellmonk_ecumenical_altar_slurped_away
D:2:      layout_basic, serial_forest, infiniplex_forest_clump_double,
          infiniplex_forest_lined_1, infiniplex_forest_straight_4,
          infiniplex_forest_clump_diagonal, infiniplex_forest_lined_2,
          infiniplex_forest_straight_5, minivault_11, minmay_misc_feat_encased
D:3:      cheibrodos_fertilizer, layout_rooms, uniq_natasha, uniq_ijyb

Skill      XL: |  1  2  3  4  5 |
---------------+----------------+-----
Dodging        | 2 |  2.7
Fighting       | 2 |  2.6
Transmutations | 3 |  3.0
Unarmed Combat | |  3.8
Spellcasting   | |  2.8

Action                   |  1- 3 |  4- 6 || total
-------------------------+-------+-------++-------
Melee: Unarmed           |   119 |    96 ||   215
       Kick              |    19 |    22 ||    41
       Tailslap          |    13 |     9 ||    22
       Headbutt          |    16 |     9 ||    25
       Punch             |     3 |     1 ||     4
 Cast: Beastly Appendage |    24 |    17 ||    41
       Wereblood         |       |     1 ||     1
 Stab: Distracted        |     1 |       ||     1
       Sleeping          |     1 |       ||     1
Armor: Skin              |    34 |    34 ||    68
Dodge: Dodged            |    78 |    87 ||   165

Table legend: (Time is in decaauts)
 A = Elapsed time spent in this place.
 B = Non-inter-level travel time spent in this place.
 C = Inter-level travel time spent in this place.
 D = Time resting spent in this place.
 E = Time spent auto-exploring this place.
 F = Levels seen in this place.
 G = Mean time per level.
                   A        B        C        D        E       F      G
               +--------+--------+--------+--------+--------+-----+--------+
         Total |   4072 |   3988 |     84 |    474 |   2957 |   3 | 1357.3 |
       Dungeon |   4072 |   3988 |     84 |    474 |   2957 |   3 | 1357.3 |
               +--------+--------+--------+--------+--------+-----+--------+

Top non-repeatable levels by time:
     D:2: 1898 daAuts
     D:1: 1107 daAuts
     D:3: 1065 daAuts
